 Dungeon Crawl Stone Soup version 0.30.1-11-g7821555f0a (webtiles) character file.

Game seed: 16116515577107699847

22521 Woods the Thaumaturge (level 13, -1/101 HPs)
             Began as a Djinni Conjurer on Oct 27, 2023.
             Was a Priest of Ashenzari.
             Hit by a silver javelin thrown by a minotaur (33 damage)
             ... in a Gauntlet.
             The game lasted 00:59:39 (17108 turns).

Woods the Thaumaturge (Djinni Conjurer)            Turns: 17108, Time: 00:59:39

Health: -1/101     AC:  8    Str: 14    XL:     13   Next: 28%
Gold:   756        EV: 17    Int: 33    God:    Ashenzari [***...] SH:  5 Dex: 20

rFire   + + .        s - +6 broad axe of Offence {protect, Dex+3}
rCold   x . .        (no shield)
rNeg    . . .        d - +0 troll leather armour
rPois   ∞            u - +0 helmet of the Fated Rationality {Range, Self} (curse)
rElec   .            b - +0 cloak "Sybil of Ashenzari" {Int+3 Dex+6, Self, Melee} (curse)
rCorr   .            H - +0 pair of gloves "Omniscient Soothsayer" {Fort, Self} (curse)
SInv    +            (boots unavailable)
Will    +....        z - amulet of reflection
Stlth   ++++         c - +6 ring of strength
HPRegen 1.16/turn    e - ring of the All-seeing Comet {Int+6, Self, Evo} (curse)
MPRegen 0.00/turn

%: no teleportation, reflection, clarity, infuse magic (-2 HP)
@: flying
A: sickness immunity, fire resistance 2, cold vulnerability 1, float, innate
caster, HP casting, extra vitality 1
a: Renounce Religion, Shatter the Chains


You were in a Gauntlet.
You worshipped Ashenzari.
Ashenzari was most pleased with you.
You visited 2 branches of the dungeon, and saw 14 of its levels.
You also visited: Gauntlet.

You collected 789 gold pieces.
You spent 33 gold pieces at shops.

Inventory:

Hand Weapons
 s - the +6 broad axe of Offence (weapon) {protect, Dex+3}
   (You found it on level 4 of the Dungeon)

   Dex:       It affects your dexterity (+3).
Missiles
 M - a throwing net
Armour
 b - the cursed +0 cloak "Sybil of Ashenzari" (worn) {Int+3 Dex+6, Self, Melee}
   (You acquired it on level 8 of the Dungeon)

   Int:       It affects your intelligence (+3).
   Dex:       It affects your dexterity (+6).
   It has a curse which improves the following skills: Introspection: Fighting
   and Spellcasting.
   Melee Combat: Short Blades, Long Blades, Axes, Maces & Flails, Polearms,
   Staves and Unarmed Combat.
 d - a +0 troll leather armour (worn)
 u - the cursed +0 helmet of the Fated Rationality (worn) {Range, Self}
   (You took it off Robin on level 2 of the Dungeon)

   It has a curse which improves the following skills: Ranged Combat: Ranged
   Weapons and Throwing.
   Introspection: Fighting and Spellcasting.
 D - +0 steam dragon scales
 H - the cursed +0 pair of gloves "Omniscient Soothsayer" (worn) {Fort, Self}
   (You found it on level 7 of the Dungeon)

   It has a curse which improves the following skills: Fortitude: Armour and
   Shields.
   Introspection: Fighting and Spellcasting.
Jewellery
 c - a +6 ring of strength (left hand)
 e - the cursed ring of the All-seeing Comet (right hand) {Int+6, Self, Evo}
   (You found it on level 1 of the Dungeon)

   [ring of intelligence]

   Int:       It affects your intelligence (+6).
   It has a curse which improves the following skills: Introspection: Fighting
   and Spellcasting.
   Evocations: Evocations.
 q - the ring "Juaph" {Str+4 SInv}
   (You found it in a Gauntlet)

   [ring of see invisible]

   Str:       It affects your strength (+4).
   SInv:      It lets you see invisible.
 z - an amulet of reflection (around neck)
 C - a ring of fire
 G - a +6 ring of dexterity
Wands
 a - a wand of digging (6)
 h - a wand of acid (10)
 B - a wand of flame (34)
 I - a wand of roots (21)
 J - a wand of paralysis (17)
 K - a wand of mindburst (27)
Scrolls
 f - 3 scrolls of fear
 g - 7 scrolls of teleportation
 i - a scroll of amnesia
 k - 2 scrolls of fog
 m - 2 scrolls of enchant armour
 r - 3 scrolls of poison
 y - 2 scrolls of magic mapping
 A - 2 scrolls of enchant weapon
 E - 3 scrolls of immolation
 L - a scroll of silence
Potions
 j - 2 potions of cancellation
 l - 2 potions of ambrosia
 n - a potion of heal wounds
 o - 7 potions of curing
 p - 3 potions of flight
 t - 3 potions of might
 v - a potion of mutation
 w - a potion of lignification
 x - 3 potions of haste
 F - 2 potions of berserk rage
 N - a potion of resistance


   Skills:
 + Level 8.6(12.2) Fighting
 + Level 2.1(3.3) Armour
 + Level 8.4 Dodging
 + Level 9.2 Stealth
 + Level 12.1(15.6) Spellcasting
 + Level 2.1(3.3) Evocations


You knew the following spells:

 Your Spells              Type           Power      Damage    Failure   Level
a - Magic Dart            Conj           100%       1d8       0%          1
b - Searing Ray           Conj           100%       2d8       0%          2
c - Dazzling Flash        Conj/Hex       100%       N/A       0%          3
d - Fulminant Prism       Conj/Hex       46%        3d21      1%          4
e - Iskenderun's Mystic   Conj/Tloc      92%        2d18      1%          4
f - Freeze                Ice            100%       1d10      0%          1
g - Blink                 Tloc           100%       N/A       0%          2
h - Lesser Beckoning      Tloc           100%       N/A       0%          2
i - Animate Armour        Summ/Erth      100%       N/A       1%          4
j - Freezing Cloud        Conj/Ice/Air   46%        6-21      1%          5
k - Silence               Hex/Air        46%        N/A       1%          5
Your spell library was empty.

Dungeon Overview and Level Annotations

Branches:
Dungeon (13/15)            Temple (1/1) D:6            Lair (0/5) D:9
    Orc (0/2) D:10        Gauntlet (1/1)
 Vaults: D:13-14

Altars:
Ashenzari
Dithmenos
Elyvilon
Fedhas
Gozag
Hepliaklqana
Makhleb
Nemelex Xobeh
Okawaru
Qazlal
Ru
Trog
Uskayaw
Wu Jian
Xom
Yredelemnul
Zin
The Shining One

Shops:
D:3 !   D:4 [   D:6 [   D:9 (

Annotations:
D:11 Harold Gauntlet 8 transporters, 2 runed translucent doors


Innate Abilities, Weirdness & Mutations

You are immune to sickness and miasma.
You are immune to poison.
Your flesh is very heat resistant. (rF++)
You are vulnerable to cold. (rC-)
You float through the air rather than walking.
You learn spells naturally, not from books.
Your magical power is your life essence.
You have superior vitality. (+4 MHP)


Message History

You kill the balrug!
Your base Armour skill increases to level 2!
Your base Evocations skill increases to level 2!
Really fly into that cloud of freezing vapour?
Okay, then.
Unknown command.
You start resting.
HP restored.
There is an open translucent gate here.
There is an open translucent gate here.
There is an open translucent gate here.
C - a ring of fire
N - a potion of resistance
There is an open translucent gate here.
There is an open translucent gate here.
There is a transporter here.
You enter the transporter and appear at another place.
You reach down and open the door.
A minotaur comes into view.
It is wielding the +10 flail of Moral Flaws {freeze, Will+ Str+3 Dex+2 Stlth+}, wearing the +15 Maxwell's patent armour {-Cast -Tele rElec Will+ rCorr} and quivering silver javelins.
Found four items.
Casting: Searing Ray (safe; 0% risk of failure)
Confirm with . or Enter, or press ? or * to list all spells.
The minotaur bellows!
The minotaur throws a silver javelin.
The silver javelin pierces through you!!
You swap places.
Casting: Animate Armour (safe; 1% risk of failure)
Confirm with . or Enter, or press ? or * to list all spells.
Aiming: Fulminant Prism (safe; 1% risk of failure)
Press: ? - help, Dir - move target You conjure a prism of explosive energy!
A fulminant prism comes into view.
The minotaur throws a silver javelin.
The silver javelin pierces through your animated troll leather armour!
The silver javelin pierces through you!!!
Your fulminant prism crackles loudly.
The minotaur throws a silver javelin.
The silver javelin pierces through your animated troll leather armour.
The silver javelin pierces through you!!
You die...

#≈..###'^## ##..#©.'...
#≈..###'### ##..#..)...
###########≈..#......
#........###..#######
##.##.###..##.........
#8..........#..#######
#....@#.#...#..#Z.##ZZ *
#######.#.#.©.#8.#Z#...# *
)8:8.8#[..#...#..#.#..#. *
......H.###.©.#∩.#©?#©#Z
*8/8(8.8#.*.#...#..#}=#..#
* #######.#.#.©.#8.###...#
#.....#.#...#..#...##.
#8..........#..#######
##.##.###..##.........


You could see a minotaur (ally target), a friendly animated troll leather armour
(summoned) and a friendly fulminant prism.

Vanquished Creatures
  A balrug (Gauntlet)
  A blizzard demon (Gauntlet)
  A hydra (D:10)
  A centaur warrior (D:13)
  3 two-headed ogres
  Pikel (D:6)
  A deep elf pyromancer (D:13)
  An ugly thing (D:12)
  A manticore (D:12)
  Joseph (D:7)
  Maurice (D:9)
  Psyche (D:12)
  3 unseen horrors (D:11)
  2 gargoyles
  A rime drake (D:9)
  2 kobold demonologists
  3 trolls
  A polar bear (D:9)
  A hornet (D:10)
  2 dream sheep (D:10)
  2 slime creatures (D:12)
  4 flying skulls (Gauntlet)
  3 shadows
  21 yaks
  2 wyverns (D:10)
  Grum (D:11)
  3 wraiths
  A steam dragon (D:7)
  Edmund (D:6)
  2 acid dragons
  2 water moccasins (D:5)
  3 black bears
  A sky beast (D:7)
  3 ice beasts
  8 orc warriors
  An ogre (D:7)
  9 wolves
  3 centaurs
  A phantom (D:6)
  A lemure (D:6)
  5 kobold brigands
  Blork the orc (D:6)
  4 bullfrogs
  4 necrophages (D:4)
  A scorpion (D:5)
  5 gnoll sergeants
  11 wights
  3 howler monkeys
  A bullfrog zombie (D:4)
  2 hounds
  4 jellies
  9 orc priests
  A gnoll bouda (D:7)
  Jessica (D:2)
  2 sleepcaps
  3 iguanas
  10 orc wizards
  Terence (D:2)
  Robin (D:2)
  4 adders
  18 gnolls
  A shadow imp (D:5)
  A white imp (D:6)
  An adder zombie (D:4)
  2 worms (D:2)
  3 dart slugs
  50 orcs
  A ball python (D:1)
  7 bats
  6 endoplasms
  2 giant cockroaches
  16 goblins
  12 hobgoblins
  5 jackals
  3 quokkas
  4 frilled lizards
  10 kobolds
  5 rats
  A spectral orc (D:6)
  A fulminant prism (D:4)
323 creatures vanquished.

Vanquished Creatures (collateral kills)
  A centaur (D:7)
1 creature vanquished.

Vanquished Creatures (others)
  A white imp (Gauntlet)
  133 fulminant prisms
134 creatures vanquished.

Grand Total: 458 creatures vanquished

Notes
Turn   | Place    | Note
-------+----------+-------------------------------------------
     0 | D:1      | Woods the Djinni Conjurer began the quest for the Orb.
     0 | D:1      | Woods set off with the following spells memorised: Magic
                  | Dart, Searing Ray, Dazzling Flash, Fulminant Prism,
                  | Iskenderun's Mystic Blast.
     0 | D:1      | Reached XP level 1. HP: 15/15 MP: 0/0
   137 | D:1      | Reached XP level 2. HP: 21/22 MP: 0/0
   556 | D:1      | Reached XP level 3. HP: 25/26 MP: 0/0
   556 | D:1      | Learned a level 1 spell: Freeze
   643 | D:1      | Reached skill level 1 in Fighting
   815 | D:2      | Noticed Jessica
   822 | D:2      | Killed Jessica
   823 | D:2      | Reached XP level 4. HP: 28/32 MP: 0/0
  1534 | D:2      | Noticed Terence
  1542 | D:2      | Killed Terence
  1543 | D:2      | Reached XP level 5. HP: 25/38 MP: 0/0
  1543 | D:2      | Learned a level 2 spell: Blink
  1935 | D:2      | Noticed Robin
  1947 | D:2      | Killed Robin
  2102 | D:3      | Found a shimmering altar of Xom.
  2437 | D:3      | Found Wiokeim's Distillery.
  2443 | D:3      | Bought a potion of curing for 33 gold pieces
  2809 | D:4      | Identified the +6 broad axe of Offence {protect, Dex+3}
  2846 | D:4      | Found Vevuona's Armour Shoppe.
  2857 | D:4      | Reached XP level 6. HP: 40/45 MP: 0/0
  3236 | D:4      | Reached skill level 4 in Spellcasting
  3294 | D:4      | Found a blossoming altar of Fedhas.
  4226 | D:4      | Reached XP level 7. HP: 38/50 MP: 0/0
  4226 | D:4      | Learned a level 2 spell: Lesser Beckoning
  4367 | D:5      | Entered Level 5 of the Dungeon
  4404 | D:5      | Identified the +3 chain mail "Noaph" {rCorr Str+3}
  4438 | D:5      | Reached XP level 8. HP: 21/58 MP: 0/0
  4735 | D:5      | Reached skill level 5 in Dodging
  4976 | D:5      | Reached skill level 5 in Spellcasting
  5266 | D:5      | Reached skill level 5 in Stealth
  5502 | D:6      | Reached skill level 5 in Fighting
  5536 | D:6      | Reached XP level 9. HP: 40/65 MP: 0/0
  5536 | D:6      | Learned a level 4 spell: Animate Armour
  5692 | D:6      | Found Womm's Antique Armour Boutique.
  5731 | D:6      | Noticed Pikel
  5746 | D:6      | Killed Pikel
  5750 | D:6      | Noticed Blork the orc
  5757 | D:6      | Killed Blork the orc
  5758 | D:6      | Reached skill level 6 in Spellcasting
  5767 | D:6      | Found a staircase to the Ecumenical Temple.
  5789 | Temple   | Entered the Ecumenical Temple
  5943 | Temple   | Became a worshipper of Ashenzari the Shackled
  6168 | D:6      | Noticed Edmund
  6409 | D:6      | Found a basalt altar of Yredelemnul.
  7195 | D:6      | Killed Edmund
  7196 | D:6      | Reached skill level 7 in Spellcasting
  7254 | D:7      | Noticed Joseph
  7590 | D:6      | Reached XP level 10. HP: 69/73 MP: 0/0
  7914 | D:7      | Reached skill level 8 in Spellcasting
  8809 | D:7      | Reached * piety under Ashenzari
  8809 | D:7      | Identified a scroll of acquirement
  9328 | D:7      | Found a burning altar of Makhleb.
  9341 | D:7      | Noticed a cacodemon
  9527 | D:7      | Killed Joseph
  9528 | D:7      | Reached skill level 9 in Spellcasting
  9977 | D:8      | Reached ** piety under Ashenzari
 10483 | D:8      | Found an ornate altar of the Wu Jian Council.
 10763 | D:8      | Acquired the +0 cloak of Rite {Int+3 Dex+6}
 10798 | D:9      | Reached XP level 11. HP: 79/84 MP: 0/0
 10798 | D:9      | Learned a level 5 spell: Freezing Cloud
 10836 | D:9      | Found a staircase to the Lair.
 11445 | D:9      | Found a hide-covered altar of Uskayaw.
 11899 | D:9      | Reached *** piety under Ashenzari
 11905 | D:9      | Found a sacrificial altar of Ru.
 12154 | D:9      | Noticed Maurice
 12168 | D:9      | Killed Maurice
 12239 | D:9      | Found Faaghemyo's Weapon Shop.
 12407 | D:10     | Entered Level 10 of the Dungeon
 12535 | D:10     | Reached skill level 10 in Spellcasting
 12890 | D:10     | Found a staircase to the Orcish Mines.
 13623 | D:10     | Reached XP level 12. HP: 91/94 MP: 0/0
 13637 | D:10     | Noticed a two-headed hydra
 13657 | D:10     | Killed a two-headed hydra
 14048 | D:10     | Found a shadowy altar of Dithmenos.
 14152 | D:11     | Noticed a two-headed ogre
 14167 | D:11     | Killed a two-headed ogre
 14201 | D:11     | Reached skill level 11 in Spellcasting
 14327 | D:11     | Noticed Grum
 14333 | D:11     | Killed Grum
 14575 | D:11     | Noticed Harold
 14913 | D:12     | Noticed a two-headed ogre
 14918 | D:12     | Noticed a two-headed ogre
 14919 | D:12     | Killed a two-headed ogre
 14926 | D:12     | Noticed Psyche
 14927 | D:12     | Killed a two-headed ogre
 15348 | D:12     | Killed Psyche
 15388 | D:12     | Identified the cursed +0 helmet of the Fated Rationality
                  | {Range, Self} (You took it off Robin on level 2 of the
                  | Dungeon)
 15388 | D:12     | Identified the cursed +0 pair of gloves "Omniscient
                  | Soothsayer" {Fort, Self} (You found it on level 7 of the
                  | Dungeon)
 15388 | D:12     | Identified the cursed +1 robe of the Mantic Shame {rN+,
                  | Evo, Self} (You found it on level 5 of the Dungeon)
 16002 | D:12     | Reached XP level 13. HP: 89/101 MP: 0/0
 16002 | D:12     | Learned a level 5 spell: Silence
 16020 | D:12     | Reached skill level 12 in Spellcasting
 16395 | D:13     | Noticed a centaur warrior
 16404 | D:13     | Killed a centaur warrior
 16405 | D:13     | Reached skill level 1 in Armour
 16405 | D:13     | Reached skill level 1 in Evocations
 16578 | D:13     | Found a gate leading to a gauntlet.
 16585 | Gauntlet | Entered a Gauntlet
 16585 | Gauntlet | Found a transporter.
 16585 | Gauntlet | Found a transporter.
 16587 | Gauntlet | Found a transporter.
 16587 | Gauntlet | Found a transporter.
 16590 | Gauntlet | Found a transporter.
 16597 | Gauntlet | Noticed a blizzard demon
 16611 | Gauntlet | Found a transporter.
 16613 | Gauntlet | Found a transporter.
 16683 | Gauntlet | Found a transporter.
 16686 | Gauntlet | Found a transporter.
 16686 | Gauntlet | Found a transporter.
 16687 | Gauntlet | Identified the +1 ring mail of Jelegij {rF+ Regen+ Str-4
                  | Stlth+}
 16688 | Gauntlet | Noticed a reaper
 16690 | Gauntlet | Found a runed translucent door.
 16691 | Gauntlet | Found a runed translucent door.
 16699 | Gauntlet | Found a transporter.
 16699 | Gauntlet | Identified the +3 falchion "Wiott" {flame, Str+3}
 16716 | Gauntlet | Found a transporter.
 16724 | Gauntlet | Noticed a balrug
 16725 | Gauntlet | Found a runed translucent gate.
 16726 | Gauntlet | Found a transporter.
 16726 | Gauntlet | Found a runed translucent gate.
 16727 | Gauntlet | Found a runed translucent gate.
 16740 | Gauntlet | Found a transporter.
 16753 | Gauntlet | Identified the ring "Juaph" {Str+4 SInv}
 16898 | Gauntlet | Killed a blizzard demon
 17022 | Gauntlet | Killed a balrug
 17103 | Gauntlet | Identified the Precepts of the Evil Eye
 17103 | Gauntlet | Identified the Treatise on Hazy Command
 17103 | Gauntlet | Found the +12 pair of quick blades "Gyre" and "Gimble"
                  | {protect}
 17103 | Gauntlet | Identified the +10 flail of Moral Flaws {freeze, Will+
                  | Str+3 Dex+2 Stlth+}
 17103 | Gauntlet | Noticed a minotaur
 17108 | Gauntlet | Hit by a silver javelin thrown by a minotaur

Illustrated notes

Levels and vault maps discovered:
D:1:      sevenhm_arrival_forest_fort_small_3, layout_loops_ring
D:2:      layout_basic, eino_curves_03, minivault_27, grunt_ministairs_4,
          hangedman_decor_clover_reticule, uniq_robin, uniq_terence,
          uniq_jessica
D:3:      layout_loops_ring, mainiacjoe_overflow_alcove_1, serial_shops, shop
D:4:      layout_layer_cave, fedhas_altar_decomposition, serial_shops, shop
D:5:      layout_basic, serial_bayou, serial_bayou_pond_d,
          serial_bayou_lagoon_a, serial_bayou_shore_a, serial_bayou_pond_d,
          serial_bayou_shore_b, serial_bayou_pond_a
D:6:      layout_loops_corners, yredelemnul_forgotten_temple_becter,
          minmay_temple_entry_enclosed_plants, serial_shops,
          nicolae_shop_tiny_waterfront, uniq_blork_the_orc, uniq_pikel,
          uniq_edmund
D:7:      layout_cave_pools, makhleb_altar_promises_db,
          mainiacjoe_overflow_alcove_4, serial_gnoll_camp,
          gnoll_camp_mini_house, gnoll_camp_mini_basic,
          gnoll_camp_mini_sergeant, gnoll_camp_medium_01, uniq_joseph
D:8:      corexii_shack_village, layout_basic, nicolae_wu_jian_wuxing_cycle,
          corexii_leaking_fountain
D:9:      layout_stronghold, kennysheep_mini, fiery_altar_vehumet,
          nicolae_uskayaw_murder_on_the_dancefloor, hellmonk_lair_entry_icy,
          serial_shops, shop, uniq_maurice
D:10:     kennysheep_six_static_rooms, layout_cave_pools, grunt_dithmenos_smoke,
          david_orc_5, chequers_serial_rivers_room_a, hangedman_ranch
D:11:     layout_rooms, chequers_arboretum, uniq_harold, uniq_grum
D:12:     layout_loops_ring, uniq_psyche
D:13:     layout_cave_pods, gauntlet_entry_generic
Temple:   nicolae_temple_slightly_damp_pantheon
Gauntlet: gammafunk_gauntlet_mixed_choke_point
          [minmay_gauntlet_arena_77_two_paths, minmay_gauntlet_arena_77_museum,
          minmay_gauntlet_arena_77_braids, gammafunk_gauntlet_arena_corners,
          minmay_gauntlet_arena_77_shame_cube,
          minmay_gauntlet_arena_77_squiggly,
          minmay_gauntlet_arena_77_run_for_it,
          nicolae_gauntlet_exit_dead_adventurers]

Skill      XL: |  1  2  3  4  5  6  7  8  9 10 11 12 13 |
---------------+----------------------------------------+-----
Stealth        | 2 3 4 5 6 7 9 |  9.2
Fighting       | 1 2 3 5 6 7 8 |  8.6
Dodging        | 3 4 5 7 8 |  8.4
Spellcasting   | 4 5 7 9 10 11 12 | 12.1
Armour         | 2 |  2.1
Evocations     | 2 |  2.1

Action                     |  1- 3 |  4- 6 |  7- 9 | 10-12 | 13-15 || total
---------------------------+-------+-------+-------+-------+-------++-------
  Melee: Broad axe         |       |       |     1 |       |       ||     1
   Cast: Magic Dart        |    25 |    35 |    56 |    97 |     5 ||   218
         Searing Ray       |     8 |    34 |    39 |    81 |     4 ||   166
         Fulminant Prism   |       |     5 |    20 |   101 |    10 ||   136
         Iskenderun's Myst |       |       |     1 |    18 |     1 ||    20
         Blink             |       |       |     1 |     1 |     2 ||     4
         Dazzling Flash    |       |       |     1 |       |       ||     1
         Animate Armour    |       |       |       |     6 |     2 ||     8
         Freezing Cloud    |       |       |       |    18 |     2 ||    20
 Invoke: Curse Item        |       |       |     1 |     3 |     1 ||     5
         Shatter the Chain |       |       |       |       |     1 ||     1
    Use: Scroll            |       |       |       |     1 |     1 ||     2
         Potion            |       |       |       |       |     2 ||     2
 Armour: Robe              |       |     3 |    12 |    16 |       ||    31
  Dodge: Dodged            |     1 |    10 |    30 |   100 |     4 ||   145
  Block: Other             |       |       |       |       |     1 ||     1
